AoeStats
← Iamak3186

Arabia

505153726Analyzed
1v1 RM · 25d ago on Sep 8, 2026· 50m 37s· 2 players
Game mode
Random Map
Map size
Tiny (2 player)
Population
200
Speed
Normal
Resources
Standard
Victory
Conquest
Starting age
Dark Age
Ending age
Imperial Age
RankedLock teamsTeams togetherTeam positionsShared explorationLock speedFull tech treeHidden civsTurbo modeCheats
Victory
Defeat
🇮🇳 Mongols · India
1205
+14
🇦🇷 Cumans · Argentina
1158
-14
LeiYo
6:41 Loom
8:58 Feudal Age
15:42 Town Watch
17:12 Double-Bit Axe
17:09 Horse Collar
25:30 Castle Age
23:34 Gold Mining
23:41 Stone Mining
23:53 Fletching
24:26 Bloodlines
25:10 Forging
26:03 Scale Mail Armor
28:08 Elite Skirmisher
28:45 Bodkin Arrow
32:08 Scale Barding Armor
32:11 Pikeman
33:34 Pikeman
36:26 Bow Saw
38:03 Iron Casting
38:04 Ballistics
42:16 Imperial Age
40:22 Wheelbarrow
40:38 Light Cavalry
42:49 Chain Mail Armor
42:23 Halberdier
43:49 Hussar
45:34 Plate Mail Armor
45:26 Padded Archer Armor
46:32 Squires
47:34 Blast Furnace
48:45 Chemistry
49:46 Chain Barding Armor
Iamak3186
8:11 Feudal Age
7:42 Loom
8:47 Double-Bit Axe
17:00 Horse Collar
20:01 Castle Age
18:05 Gold Mining
19:48 Wheelbarrow
22:16 Bow Saw
24:45 Fletching
27:08 Stone Mining
27:43 Bodkin Arrow
27:56 Heavy Plow
29:11 Ballistics
34:14 Scale Barding Armor
35:19 Light Cavalry
36:10 Bloodlines
36:23 Chain Barding Armor
36:30 Forging
40:45 Imperial Age
38:36 Elite Skirmisher
42:07 Town Watch
42:37 Hand Cart
42:48 Scale Mail Armor
43:03 Man-at-Arms
43:59 Chain Mail Armor
44:18 Bracer
44:11 Long Swordsman
45:40 Plate Mail Armor
45:20 Two-Handed Swordsman
45:27 Two-Handed Swordsman
45:59 Capped Ram
46:18 Champion
47:00 Squires
46:46 Arson
51:16 Conscription
Connection lost

Rejoining the realm…

Still unreachable

The connection could not be restored.

Session expired

The server has moved on; the page needs a fresh start.